 Dungeon Crawl Stone Soup version 0.27.1-4-g1640c2035a (webtiles) character file.

Game seed: 12756758046316109552

35691 Crownlay the Frost Mage (level 13, -2/99 HPs)
             Began as a Gnoll Ice Elementalist on Nov 6, 2021.
             Was a Believer of Uskayaw.
             Slain by a six-headed hydra (13 damage)
             ... on level 5 of the Lair of Beasts.
             The game lasted 00:29:02 (20498 turns).

Crownlay the Frost Mage (Gnoll Ice Elementalist)   Turns: 20498, Time: 00:29:02

Health: -2/99      AC: 17    Str:  8    XL:     13   Next: 85%
Magic:  22/27      EV: 13    Int: 15    God:    Uskayaw [**....]
Gold:   1117       SH:  8    Dex: 13    Spells: 21/32 levels left

rFire    . . .     SeeInvis +   m - +5 dagger (elec)
rCold    . . .     Faith    .   J - +2 buckler
rNeg     + + +     Spirit   .   e - +0 ring mail of Death Resistance {rN+++ rCorr Int-4 Stlth+}
rPois    .         Reflect  .   r - +0 helmet
rElec    .         Harm     .   H - +2 cloak
rCorr    +         Rampage  .   (no gloves)
Will     +....                  L - +0 pair of boots
Stlth    +++++.....             (no amulet)
HPRegen  0.26/turn              h - ring of willpower
MPRegen  0.20/turn              l - ring of see invisible

@: brilliant, ice-armoured, freezing walls, flying
A: fangs 1, strong nose, distributed training
a: Renounce Religion, Stomp, Line Pass


You were on level 5 of the Lair of Beasts.
You worshipped Uskayaw.
Uskayaw was aware of your devotion.
You visited 2 branches of the dungeon, and saw 16 of its levels.

You collected 1117 gold pieces.

Inventory:

Hand Weapons
 m - a +5 dagger of electrocution (weapon)
 R - a +5 long sword of electrocution
Missiles
 a - 3 silver boomerangs
 F - 2 curare-tipped darts
Armour
 b - a +2 robe of willpower
 e - the +0 ring mail of Death Resistance (worn) {rN+++ rCorr Int-4 Stlth+}
   (You found it on level 5 of the Dungeon)

   Int:       It affects your intelligence (-4).
   rN:        It renders you almost immune to negative energy.
   rCorr:     It protects you from acid and corrosion.
   Stlth:     It makes you more stealthy.
 r - a +0 helmet (worn)
 H - a +2 cloak (worn)
 J - a +2 buckler (worn)
 L - a +0 pair of boots (worn)
Magical Staves
 x - a staff of earth
 K - a staff of air
Jewellery
 h - a ring of willpower (left hand)
 l - a ring of see invisible (right hand)
 O - an amulet of regeneration
Wands
 q - a wand of iceblast (43)
 s - a wand of digging (15)
 w - a wand of mindburst (20)
 y - a wand of acid (20)
 A - a wand of flame (11)
Scrolls
 c - 3 scrolls of fog
 d - 2 scrolls of vulnerability
 f - 3 scrolls of fear
 i - 5 scrolls of enchant armour
 j - 6 scrolls of amnesia
 n - 3 scrolls of magic mapping
 p - 4 scrolls of noise
 C - a scroll of blinking {unknown}
 G - 2 scrolls of teleportation {unknown}
 I - a scroll of torment {unknown}
 Q - a scroll of enchant weapon
Potions
 g - 3 potions of flight
 k - 6 potions of curing
 o - 2 potions of might {unknown}
 t - a potion of magic {unknown}
 u - 3 potions of invisibility
 v - 3 potions of lignification {unknown}
 z - 3 potions of brilliance
 B - a potion of haste {unknown}
 D - 2 potions of resistance {unknown}
 E - 2 potions of degeneration {unknown}
 M - 2 potions of attraction {unknown}
 N - a potion of cancellation {unknown}


   Skills:
 + Level 8.6 Fighting
 + Level 8.6 Short Blades
 + Level 8.6 Long Blades
 + Level 8.6 Axes
 + Level 8.6 Maces & Flails
 + Level 8.6 Polearms
 + Level 8.6 Staves
 + Level 8.6 Slings
 + Level 8.6 Bows
 + Level 8.6 Crossbows
 + Level 8.6 Throwing
 + Level 8.6 Armour
 + Level 9.8 Dodging
 + Level 9.6 Stealth
 + Level 8.6 Shields
 + Level 8.6 Unarmed Combat
 + Level 10.0 Spellcasting
 + Level 7.2 Conjurations
 + Level 7.2 Hexes
 + Level 7.2 Summonings
 + Level 7.2 Necromancy
 + Level 7.2 Translocations
 + Level 7.2 Transmutations
 + Level 7.2 Fire Magic
 + Level 10.1 Ice Magic
 + Level 7.2 Air Magic
 + Level 7.2 Earth Magic
 + Level 7.2 Poison Magic
 + Level 9.4 Invocations
 + Level 8.6 Evocations


You had 21 spell levels left.
You knew the following spells:

 Your Spells              Type           Power      Damage    Failure   Level
a - Freeze                Ice            100%       1d11      1%          1
b - Frozen Ramparts       Ice            100%       1d12      1%          3
c - Ozocubu's Armour      Ice            54%        N/A       1%          3
d - Hailstorm             Conj/Ice       50%        3d11      7%          4

Your spell library contained the following spells:

 Spells                   Type           Power      Damage    Failure   Level
 Summon Small Mammal      Summ           100%       N/A       1%          1
 Slow                     Hex            43%        N/A       1%          2
 Call Canine Familiar     Summ           43%        N/A       3%          3
 Confusing Touch          Hex            43%        N/A       3%          3
 Conjure Flame            Conj/Fire      43%        6-21      3%          3
 Ignite Poison            Fire/Tmut/Pois 43%        N/A       3%          3
 Portal Projectile        Hex/Tloc       86%        N/A       3%          3
 Summon Guardian Golem    Hex/Summ       43%        N/A       3%          3
 Vampiric Draining        Necr           21%        2d9       3%          3
 Leda's Liquefaction      Hex/Erth       21%        N/A       13%         4
 Sticky Flame             Conj/Fire      43%        2d6       13%         4
 Yara's Violent Unravell  Hex/Tmut       21%        3d10      34%         5


Dungeon Overview and Level Annotations

Branches:
Dungeon (11/15)            Temple (0/1) D:4            Lair (5/6) D:9
 Shoals (0/4) Lair:2        Snake (0/4) Lair:4          Orc (0/2) D:10
  Slime: Lair:5-6

Altars:
Cheibriados
Dithmenos
Elyvilon
Gozag
Qazlal
Sif Muna
Uskayaw
Xom

Shops:
D:4 (   D:8 *   D:11 *?


Innate Abilities, Weirdness & Mutations

You have very sharp teeth.
Your uncanny sense of smell can sniff out nearby items.
Your experience applies equally to all skills.


Message History

The six-headed hydra seems to slow down.
The six-headed hydra bites you but does no damage.
The six-headed hydra barely misses you.
The six-headed hydra bites you but does no damage.
The six-headed hydra bites you.
* * * LOW HITPOINT WARNING * * *
The six-headed hydra bites you.
* * * LOW HITPOINT WARNING * * *
The six-headed hydra bites you but does no damage.
You feel better.
You hit the six-headed hydra.
Lightning courses through the six-headed hydra!
The six-headed hydra is severely wounded.
The wall freezes the six-headed hydra.
The six-headed hydra bites you.
* * * LOW HITPOINT WARNING * * *
The six-headed hydra barely misses you. The six-headed hydra bites you.
* * * LOW HITPOINT WARNING * * *
The six-headed hydra bites you.
* * * LOW HITPOINT WARNING * * *
The six-headed hydra closely misses you.
The six-headed hydra bites you!
* * * LOW HITPOINT WARNING * * *
You feel better.
You feel better.
The wall freezes the six-headed hydra!
The six-headed hydra seems to slow down.
The six-headed hydra closely misses you.
You block the six-headed hydra's attack.
The six-headed hydra bites you!
* * * LOW HITPOINT WARNING * * *
You block the six-headed hydra's attack.
The six-headed hydra bites you but does no damage.
The six-headed hydra bites you!
* * * LOW HITPOINT WARNING * * *
You feel better.
The wall freezes the six-headed hydra.
You block the six-headed hydra's attack.
The six-headed hydra barely misses you. The six-headed hydra misses you.
The six-headed hydra barely misses you.
You block the six-headed hydra's attack.
The six-headed hydra bites you!
You die...

...#.................#
#....................#
#.....P..............##
|...###...............###
...#####..[.............####
.....####.......P.#.#......#..
......##........##.###.......#
....>.#........####.....#...##
.....†..###..###@..B........#
........# #######D..........#
.........# ##.............#
........## #.............##
........# #............##
.......## ##†...........#
........ #.#........P##
.......# ##.........##
##..:....##


You could see a boulder beetle and a six-headed hydra (slow).

Vanquished Creatures
  Josephine (Lair:5)
  6 hydras
  Urug (Lair:4)
  4 oklob plants
  3 cyclopes (D:11)
  5 black mambas
  6 cane toads
  Maggie (D:6)
  A gargoyle (D:10)
  A rime drake (Lair:4)
  2 kobold demonologists
  5 komodo dragons
  2 polar bears
  Prince Ribbit (D:8)
  2 trolls
  11 blink frogs
  6 wraiths
  A shadow (D:9)
  A vampire (D:10)
  A wyvern (D:10)
  Eustachio (D:5)
  58 yaks
  Grum (D:9)
  3 basilisks
  2 steam dragons
  An acid dragon (D:11)
  2 nagas (Lair:4)
  17 water moccasins
  8 orc warriors
  3 necrophages
  An ogre (D:6)
  6 black bears
  3 centaurs
  A phantom (D:6)
  6 wolves
  3 kobold brigands
  12 bullfrogs
  A gnoll sergeant (D:5)
  2 scorpions
  15 killer bees
  A wight (D:7)
  4 howler monkeys
  A bullfrog zombie (D:7)
  4 centaur zombies
  2 jellies (Lair:5)
  2 gnoll shamans
  6 orc priests
  4 hounds
  A bullfrog skeleton (D:4)
  Ijyb (D:4)
  Natasha (thrice) (D:4)
  14 orc wizards
  A killer bee zombie (D:7)
  A howler monkey zombie (D:7)
  4 adders
  8 gnolls
  A white imp (D:5)
  An ufetubus (D:7)
  2 worms (D:2)
  3 dart slugs
  37 orcs
  11 ball pythons
  5 bats (D:1)
  11 endoplasms
  A giant cockroach (D:3)
  5 hobgoblins
  2 jackals (D:1)
  4 quokkas
  3 frilled lizards
  6 goblins
  10 kobolds
  7 rats
  A bush (Lair:5)
374 creatures vanquished.

Vanquished Creatures (others)
  68 fungi
  71 plants
139 creatures vanquished.

Grand Total: 513 creatures vanquished

Notes
Turn   | Place    | Note
-------+----------+-------------------------------------------
     0 | D:1      | Crownlay the Gnoll Ice Elementalist began the quest for the
                  | Orb.
     0 | D:1      | Reached XP level 1. HP: 13/13 MP: 6/6
   194 | D:1      | Reached XP level 2. HP: 19/19 MP: 4/7
   536 | D:1      | Found a faded altar of an unknown god.
   841 | D:1      | Reached XP level 3. HP: 20/25 MP: 7/9
   954 | D:1      | Learned a level 3 spell: Frozen Ramparts
   958 | D:1      | Learned a level 3 spell: Ozocubu's Armour
   990 | D:2      | Reached skill level 5 in Spellcasting
  1164 | D:2      | Reached skill level 1 in Invocations
  1474 | D:2      | Reached skill level 1 in Fighting
  1474 | D:2      | Reached skill level 1 in Short Blades
  1474 | D:2      | Reached skill level 1 in Long Blades
  1474 | D:2      | Reached skill level 1 in Axes
  1474 | D:2      | Reached skill level 1 in Maces & Flails
  1474 | D:2      | Reached skill level 1 in Polearms
  1474 | D:2      | Reached skill level 1 in Staves
  1474 | D:2      | Reached skill level 1 in Slings
  1474 | D:2      | Reached skill level 1 in Bows
  1474 | D:2      | Reached skill level 1 in Crossbows
  1474 | D:2      | Reached skill level 1 in Throwing
  1474 | D:2      | Reached skill level 1 in Armour
  1474 | D:2      | Reached skill level 1 in Shields
  1474 | D:2      | Reached skill level 1 in Unarmed Combat
  1474 | D:2      | Reached skill level 1 in Evocations
  1882 | D:2      | Reached XP level 4. HP: 32/32 MP: 9/11
  2740 | D:3      | Reached skill level 1 in Conjurations
  2740 | D:3      | Reached skill level 1 in Hexes
  2740 | D:3      | Reached skill level 1 in Summonings
  2740 | D:3      | Reached skill level 1 in Necromancy
  2740 | D:3      | Reached skill level 1 in Translocations
  2740 | D:3      | Reached skill level 1 in Transmutations
  2740 | D:3      | Reached skill level 1 in Fire Magic
  2740 | D:3      | Reached skill level 1 in Air Magic
  2740 | D:3      | Reached skill level 1 in Earth Magic
  2740 | D:3      | Reached skill level 1 in Poison Magic
  2939 | D:3      | Reached XP level 5. HP: 35/37 MP: 12/12
  3034 | D:3      | Found a shimmering blue altar of Sif Muna.
  3034 | D:3      | Found a hide-covered altar of Uskayaw.
  3113 | D:3      | Became a worshipper of Uskayaw the Reveller
  3215 | D:4      | Reached * piety under Uskayaw
  3219 | D:4      | Reached ** piety under Uskayaw
  3278 | D:4      | Reached *** piety under Uskayaw
  3280 | D:4      | Reached **** piety under Uskayaw
  3337 | D:4      | Found a staircase to the Ecumenical Temple.
  3359 | D:4      | Found Anyon's Weapon Shop.
  3404 | D:4      | Reached XP level 6. HP: 44/44 MP: 13/13
  3441 | D:4      | Noticed Ijyb
  3448 | D:4      | Killed Ijyb
  3554 | D:4      | Noticed Natasha
  3567 | D:4      | Killed Natasha
  3568 | D:4      | Reached skill level 5 in Dodging
  3592 | D:4      | Noticed Natasha
  3600 | D:4      | Killed Natasha
  3603 | D:4      | Noticed Natasha
  3610 | D:4      | Killed Natasha
  4029 | D:5      | Entered Level 5 of the Dungeon
  4029 | D:5      | Found a snail-covered altar of Cheibriados.
  4134 | D:5      | Identified the +0 ring mail of Death Resistance {rN+++
                  | rCorr Int-4 Stlth+}
  4286 | D:5      | Noticed an orc warrior
  4289 | D:5      | Noticed Eustachio
  4394 | D:5      | Killed Eustachio
  4395 | D:5      | Reached XP level 7. HP: 48/51 MP: 1/15
  4651 | D:5      | Found a shadowy altar of Dithmenos.
  4696 | D:5      | Reached skill level 5 in Stealth
  5069 | D:5      | Reached XP level 8. HP: 9/57 MP: 7/16
  5545 | D:6      | Found an opulent altar of Gozag.
  5865 | D:6      | Noticed Maggie
  5880 | D:6      | Killed Maggie
  6259 | D:6      | Found a shimmering altar of Xom.
  6259 | D:6      | Found a shimmering altar of Xom.
  6260 | D:6      | Found a shimmering altar of Xom.
  6260 | D:6      | Found a shimmering altar of Xom.
  6260 | D:6      | Found a shimmering altar of Xom.
  6261 | D:6      | Found a shimmering altar of Xom.
  6261 | D:6      | Found a shimmering altar of Xom.
  6262 | D:6      | Found a shimmering altar of Xom.
  6262 | D:6      | Found a shimmering altar of Xom.
  6728 | D:7      | Reached XP level 9. HP: 61/65 MP: 18/18
  6900 | D:7      | Found a white marble altar of Elyvilon.
  7153 | D:7      | Reached ***** piety under Uskayaw
  7159 | D:7      | Reached ****** piety under Uskayaw
  8041 | D:8      | Noticed Prince Ribbit
  8052 | D:8      | Killed Prince Ribbit
  8053 | D:8      | Reached skill level 5 in Invocations
  8475 | D:8      | Found Wixioczue's Gadget Gallery.
  8888 | D:9      | Reached XP level 10. HP: 69/73 MP: 13/20
  9067 | D:9      | Found a staircase to the Lair.
  9085 | D:9      | Reached skill level 5 in Fighting
  9085 | D:9      | Reached skill level 5 in Short Blades
  9085 | D:9      | Reached skill level 5 in Long Blades
  9085 | D:9      | Reached skill level 5 in Axes
  9085 | D:9      | Reached skill level 5 in Maces & Flails
  9085 | D:9      | Reached skill level 5 in Polearms
  9085 | D:9      | Reached skill level 5 in Staves
  9085 | D:9      | Reached skill level 5 in Slings
  9085 | D:9      | Reached skill level 5 in Bows
  9085 | D:9      | Reached skill level 5 in Crossbows
  9085 | D:9      | Reached skill level 5 in Throwing
  9085 | D:9      | Reached skill level 5 in Armour
  9085 | D:9      | Reached skill level 5 in Shields
  9085 | D:9      | Reached skill level 5 in Unarmed Combat
  9085 | D:9      | Reached skill level 5 in Evocations
  9589 | D:9      | Noticed Grum
  9594 | D:9      | Killed Grum
  9623 | D:9      | HP: 3/74 [poisoned by a water moccasin]
 10309 | D:10     | Entered Level 10 of the Dungeon
 10521 | D:10     | Learned a level 4 spell: Hailstorm
 10597 | D:10     | Noticed a gargoyle
 10606 | D:10     | Killed a gargoyle
 10743 | D:10     | Reached XP level 11. HP: 64/81 MP: 15/22
 10864 | D:10     | Found a stormy altar of Qazlal.
 11367 | D:10     | Found a staircase to the Orcish Mines.
 11678 | D:11     | Noticed a cyclops
 11692 | D:11     | Reached skill level 5 in Conjurations
 11692 | D:11     | Reached skill level 5 in Hexes
 11692 | D:11     | Reached skill level 5 in Summonings
 11692 | D:11     | Reached skill level 5 in Necromancy
 11692 | D:11     | Reached skill level 5 in Translocations
 11692 | D:11     | Reached skill level 5 in Transmutations
 11692 | D:11     | Reached skill level 5 in Fire Magic
 11692 | D:11     | Reached skill level 5 in Air Magic
 11692 | D:11     | Reached skill level 5 in Earth Magic
 11692 | D:11     | Reached skill level 5 in Poison Magic
 11694 | D:11     | Killed a cyclops
 11699 | D:11     | HP: 4/81 [yak (8)]
 12015 | D:11     | Found Pusenub's Magic Scroll Shop.
 12176 | D:11     | Noticed a cyclops
 12186 | D:11     | Killed a cyclops
 12267 | D:11     | Found Toalut's Mayhem Merchandise.
 12290 | D:11     | Noticed a five-headed hydra
 12295 | D:11     | Killed a five-headed hydra
 12559 | D:11     | Noticed a cyclops
 12562 | D:11     | Killed a cyclops
 13012 | Lair:1   | Entered Level 1 of the Lair of Beasts
 13016 | Lair:1   | Noticed a six-headed hydra
 13023 | Lair:1   | Killed a six-headed hydra
 13670 | Lair:1   | Reached XP level 12. HP: 89/89 MP: 17/24
 15426 | Lair:2   | Noticed a four-headed hydra
 15440 | Lair:2   | Killed a four-headed hydra
 15895 | Lair:2   | Reached XP level 13. HP: 56/98 MP: 6/26
 16766 | Lair:2   | Found a staircase to the Shoals.
 18858 | Lair:4   | Found a staircase to the Snake Pit.
 18973 | Lair:4   | Reached skill level 10 in Ice Magic
 19440 | Lair:4   | Noticed Urug
 19460 | Lair:4   | Killed Urug
 19921 | Lair:5   | Noticed Josephine
 19930 | Lair:5   | Killed Josephine
 19943 | Lair:5   | HP: 2/99 [six-headed hydra (11)]
 19945 | Lair:5   | Reached skill level 10 in Spellcasting
 20497 | Lair:5   | HP: 3/99 [six-headed hydra (11)]
 20498 | Lair:5   | Slain by a six-headed hydra

Illustrated notes

Levels and vault maps discovered:
D:1:      wander_arrival_abandoned_jail, layout_rooms,
          shapermc_ecumenical_altar_hornbeckon
D:2:      kb_forest_paths, layout_loops_cross, minmay_3d_cube
D:3:      layout_basic, mainiacjoe_overflow_divided_tiny
D:4:      layout_cave_pools, minmay_temple_entry_drinking_statues, serial_shops,
          shop, hex_tiny, serial_bayou_lagoon_a, uniq_natasha, uniq_ijyb
D:5:      layout_loops_cross, amcnicky_altar_gilded,
          mainiacjoe_overflow_boulevard, uniq_eustachio
D:6:      layout_basic, xom_redecorated, nicolae_gozag_seed_capital, uniq_maggie
D:7:      layout_loops_ring, mainiacjoe_overflow_cross_hatched,
          wad_rectangle_vault
D:8:      layout_rooms, nicolae_shop_gadgets, uniq_prince_ribbit1
D:9:      layout_gridville, due_lair_maze_entry_diamond, uniq_grum
D:10:     layout_stronghold, grunt_qazlal_clouds, orc_0_dummy
D:11:     layout_loops_ring, serial_shops, shop, minmay_shop_mayhem,
          grunt_ministairs_15
Lair:1:   layout_cave_pods, beast_lair_carwin_7
Lair:2:   layout_chaotic_city, shoals_dummy_entry, st_stairs_5,
          hibernation_bobbens, minmay_lair_oklob_chamber
Lair:3:   layout_roguey
Lair:4:   layout_regular_city, guppyfry_snake_entry_island, uniq_urug
Lair:5:   layout_cave_pods, nicolae_slime_entry_slimehenge,
          nicolae_quartered_pool_medium, minmay_lair_oklob_bushes, minivault_27,
          uniq_josephine, uniq_nessos

Skill      XL: |  1  2  3  4  5  6  7  8  9 10 11 12 13 |
---------------+----------------------------------------+-----
Spellcasting   | 5 6 7 8 9 10 | 10.0
Invocations    | 1 2 3 4 5 6 7 8 9 |  9.4
Fighting       | 1 2 3 4 5 6 7 8 |  8.6
Short Blades   | 1 2 3 4 5 6 7 8 |  8.6
Long Blades    | 1 2 3 4 5 6 7 8 |  8.6
Axes           | 1 2 3 4 5 6 7 8 |  8.6
Maces & Flails | 1 2 3 4 5 6 7 8 |  8.6
Polearms       | 1 2 3 4 5 6 7 8 |  8.6
Staves         | 1 2 3 4 5 6 7 8 |  8.6
Slings         | 1 2 3 4 5 6 7 8 |  8.6
Bows           | 1 2 3 4 5 6 7 8 |  8.6
Crossbows      | 1 2 3 4 5 6 7 8 |  8.6
Throwing       | 1 2 3 4 5 6 7 8 |  8.6
Armour         | 1 2 3 4 5 6 7 8 |  8.6
Shields        | 1 2 3 4 5 6 7 8 |  8.6
Unarmed Combat | 1 2 3 4 5 6 7 8 |  8.6
Evocations     | 1 2 3 4 5 6 7 8 |  8.6
Conjurations   | 1 2 3 4 5 6 7 |  7.2
Hexes          | 1 2 3 4 5 6 7 |  7.2
Summonings     | 1 2 3 4 5 6 7 |  7.2
Necromancy     | 1 2 3 4 5 6 7 |  7.2
Translocations | 1 2 3 4 5 6 7 |  7.2
Transmutations | 1 2 3 4 5 6 7 |  7.2
Fire Magic     | 1 2 3 4 5 6 7 |  7.2
Air Magic      | 1 2 3 4 5 6 7 |  7.2
Earth Magic    | 1 2 3 4 5 6 7 |  7.2
Poison Magic   | 1 2 3 4 5 6 7 |  7.2
Dodging        | 5 6 7 8 9 |  9.8
Stealth        | 5 6 7 8 9 |  9.6
Ice Magic      | 8 9 10 | 10.1

Action                   |  1- 3 |  4- 6 |  7- 9 | 10-12 | 13-15 || total
-------------------------+-------+-------+-------+-------+-------++-------
Melee: Unarmed           |    19 |     5 |       |       |       ||    24
       Bite              |     3 |     4 |    11 |    26 |    11 ||    55
       Dagger            |       |    58 |   159 |   350 |   214 ||   781
       Punch             |       |       |     1 |       |       ||     1
 Cast: Freeze            |    52 |    26 |     1 |     3 |       ||    82
       Frozen Ramparts   |       |    13 |    30 |    45 |    19 ||   107
       Ozocubu's Armour  |       |     9 |    17 |    26 |    15 ||    67
       Hailstorm         |       |       |       |    13 |     8 ||    21
Evoke: Wand              |       |     1 |     1 |       |     9 ||    11
  Use: Scroll            |       |     6 |     2 |     4 |     1 ||    13
       Potion            |       |       |     1 |     1 |     6 ||     8
 Stab: Sleeping          |       |     6 |     3 |    14 |    10 ||    33
       Paralysed         |       |     1 |     8 |    35 |     7 ||    51
       Distracted        |       |       |       |     2 |       ||     2
Armor: Robe              |     8 |    10 |       |       |       ||    18
       Ring mail         |       |     4 |    45 |    92 |    44 ||   185
Dodge: Dodged            |    44 |    44 |    91 |   165 |    83 ||   427
Block: Buckler           |       |       |       |    79 |    59 ||   138
